 Dungeon Crawl Stone Soup version 0.29-a0-384-g6960b1960d (webtiles) character file.

Game seed: 3696001201366130380

14 holysushi the Insei (level 2, 24/24 HPs)
             Began as a Demonspawn Monk on May 7, 2022.
             Quit the game on level 2 of the Dungeon.
             The game lasted 00:00:28 (535 turns).

holysushi the Insei (Demonspawn Monk)                Turns: 535, Time: 00:00:28

Health: 24/24      AC:  2    Str: 11    XL:     2   Next: 27%
Magic:  2/2        EV: 12    Int: 11    God:
Gold:   12         SH:  0    Dex: 15    Spells: 1/1 levels left

rFire   . . .      SeeInvis .     - Unarmed
rCold   . . .      Faith    .   (no shield)
rNeg    . . .      Spirit   .   a - +0 robe
rPois   .          Reflect  .   (helmet restricted)
rElec   .          Harm     .   (no cloak)
rCorr   .          Rampage  .   (no gloves)
Will    .....                   (no boots)
Stlth   ++........              (no amulet)
HPRegen 0.08/turn               (no ring)
MPRegen 0.08/turn               (no ring)

@: no status effects
A: antennae 1
a: no special abilities


You were on level 2 of the Dungeon.
You visited 1 branch of the dungeon, and saw 2 of its levels.

You collected 12 gold pieces.

Inventory:

Armour
 a - a +0 robe (worn)
Scrolls
 c - a scroll of magic mapping {unknown}
 d - 2 scrolls of identify {unknown}
Potions
 b - a potion of ambrosia


   Skills:
 - Level 3.0 Fighting
 - Level 2.6 Dodging
 - Level 1.7 Stealth
 + Level 3.4 Unarmed Combat


You had one spell level left.
You didn't know any spells.
Your spell library was empty.

Dungeon Overview and Level Annotations

Branches:
Dungeon (1/15)

Altars:


Innate Abilities, Weirdness & Mutations

You have a pair of small antennae on your head.


Message History

No target in view!
You start resting.
HP restored.
There is a stone staircase leading down here.
d - 2 scrolls labelled VEOSOE DODGHU (gained 1)
Found a stone staircase leading up.
There is a stone staircase leading up here.
An adder comes into view.
An adder is nearby!
An adder is nearby!
The adder hisses angrily.
You miss the adder. The adder barely misses you.
The adder bites you but does no damage.
You hit the adder.
The adder is moderately wounded.
The adder barely misses you.
You barely miss the adder.
The adder is moderately wounded.
The adder bites you.
You barely miss the adder.
The adder is moderately wounded.
The adder bites you but does no damage.
You barely miss the adder.
The adder is moderately wounded.
The adder bites you.
You hit the adder.
The adder is severely wounded.
The adder bites you. The adder completely misses you.
You barely miss the adder.
The adder is severely wounded.
The adder barely misses you.
You hit the adder.
You kill the adder!
You have reached level 2!
Your demonic ancestry asserts itself...
A pair of antennae grows on your head!
There is a stone staircase leading up here.
You start resting.
HP restored.
Are you sure you want to abandon this character and quit the game? (Confirm with "yes".)

### #.# #.# # #.#
##. #.# .. #.# ##.#
#.# ... #.# ##
#.### #.# ..####.
#.@.####.#
.......#####<.....#
#...#...######
######.#.###
..........#
###########


There were no monsters in sight!

Vanquished Creatures
  An adder (D:2)
  2 goblins (D:2)
  A hobgoblin (D:2)
  A rat (D:2)
5 creatures vanquished.

Vanquished Creatures (others)
  4 toadstools (D:2)
4 creatures vanquished.

Grand Total: 9 creatures vanquished

Notes
Turn   | Place    | Note
-------+----------+-------------------------------------------
     0 | D:1      | holysushi the Demonspawn Monk began the quest for the Orb.
     0 | D:1      | Reached XP level 1. HP: 18/18 MP: 1/1
    11 | D:1      | You fall into a shaft and drop 1 floor!
   414 | D:2      | Gained mutation: You have a pair of small antennae on your
                  | head. [demonic ancestry]
   414 | D:2      | Reached XP level 2. HP: 14/24 MP: 2/2
   535 | D:2      | Quit the game

Illustrated notes

Levels and vault maps discovered:
D:1:      dpeg_arrival_line_fractal, layout_basic, serial_curves,
          eino_curves_02, eino_curves_04
D:2:      layout_loops_ring, shapermc_ecumenical_altar_hornbeckon, basic_altar,
          serial_shops, shop, minmay_gold_behind_fungi, kennysheep_small_spiral

Skill      XL: |  1 |
---------------+----+-----
Unarmed Combat | 3 |  3.4
Fighting       | |  3.0
Dodging        | |  2.6
Stealth        | |  1.7

Action                   || total
-------------------------++-------
Melee: Unarmed           ||    27
Armor: Robe              ||     3
Dodge: Dodged            ||    14

Table legend: (Time is in decaauts)
 A = Elapsed time spent in this place.
 B = Non-inter-level travel time spent in this place.
 C = Inter-level travel time spent in this place.
 D = Time resting spent in this place.
 E = Time spent auto-exploring this place.
 F = Levels seen in this place.
 G = Mean time per level.
                   A        B        C        D        E       F      G
               +--------+--------+--------+--------+--------+-----+--------+
         Total |    534 |    534 |      0 |    225 |    242 |   2 |  267.0 |
       Dungeon |    534 |    534 |      0 |    225 |    242 |   2 |  267.0 |
               +--------+--------+--------+--------+--------+-----+--------+

Top non-repeatable levels by time:
     D:2: 523 daAuts
     D:1: 11 daAuts
